AoeStats
← dorHOBBIT

Arabia

508840355Analyzed
1v1 RM · 7d ago on Sep 24, 2026· 53m 8s· 2 players
Game mode
Random Map
Map size
Tiny (2 player)
Population
200
Speed
Normal
Resources
Standard
Victory
Conquest
Starting age
Dark Age
Ending age
Imperial Age
RankedLock teamsTeams togetherTeam positionsShared explorationLock speedFull tech treeHidden civsTurbo modeCheats
Victory
Defeat
🇨🇳 Magyars · China
259
+23
🇩🇪 Spanish · Germany
416
-23
林时塽
0:29 Loom
10:10 Feudal Age
12:03 Double-Bit Axe
12:21 Horse Collar
22:43 Castle Age
22:27 Fletching
24:06 Bow Saw
23:57 Stone Mining
26:07 Heavy Plow
29:24 Ballistics
29:11 Bodkin Arrow
29:30 Murder Holes
29:33 Gold Mining
35:28 Gold Shaft Mining
39:45 Imperial Age
37:48 Scale Barding Armor
39:29 Light Cavalry
40:12 Husbandry
40:22 Bloodlines
40:36 Cavalier
42:14 Wheelbarrow
43:18 Conscription
42:25 Heavy Cavalry Archer
43:11 Thumb Ring
44:21 Two-Man Saw
43:55 Crop Rotation
45:52 Parthian Tactics
47:11 Recurve Bow
48:59 Bracer
49:57 Chain Barding Armor
51:56 Hand Cart
dorHOBBIT
12:53 Feudal Age
15:01 Horse Collar
15:40 Double-Bit Axe
18:01 Gold Mining
18:22 Town Watch
20:18 Arson
22:33 Forging
22:14 Fletching
23:36 Scale Mail Armor
26:28 Castle Age
27:07 Pikeman
27:48 Elite Skirmisher
29:27 Wheelbarrow
28:54 Town Patrol
30:05 Iron Casting
29:47 Chain Mail Armor
29:33 Padded Archer Armor
31:37 Fervor
31:42 Thumb Ring
31:35 Bodkin Arrow
33:01 Leather Archer Armor
34:40 Hand Cart
35:25 Stone Mining
35:38 Heavy Plow
35:52 Bow Saw
36:48 Squires
36:34 Gambesons
38:45 Hand Cart
41:01 Husbandry
45:53 Imperial Age
45:00 Scale Barding Armor
45:18 Bloodlines
45:31 Masonry
45:18 Murder Holes
47:18 Hoardings
46:41 Cavalier
49:29 Ballistics
50:10 Chemistry
50:48 Arrowslits
Connection lost

Rejoining the realm…

Still unreachable

The connection could not be restored.

Session expired

The server has moved on; the page needs a fresh start.